 Dungeon Crawl Stone Soup version 0.31.0-11-ge490571c62 (webtiles) character file.

Game seed: 17889924971387032235

151 qw the Shooter (level 5, -2/25 HPs)
             Began as a Spriggan Hunter on Feb 3, 2024.
             Killed by divine providence
             ... invoked by an orc priest
              (13 damage)
             ... on level 3 of the Dungeon.
             The game lasted 00:00:06 (1662 turns).

qw the Shooter (Spriggan Hunter)                    Turns: 1662, Time: 00:00:06

Health: -2/25      AC:  3    Str:  7    XL:     5   Next: 11%
Magic:  0/6        EV: 19    Int: 11    God:
Gold:   133        SH:  0    Dex: 20    Spells: 4/4 levels left

rFire   . . .        a - +2 shortbow
rCold   . . .        (shield currently unavailable)
rNeg    . . .        c - +0 robe
rPois   .            i - +1 hat
rElec   .            (no cloak)
rCorr   .            (gloves unavailable)
SInv    +            (boots unavailable)
Will    .....        b - amulet of guardian spirit
Stlth   ++           (no ring)
HPRegen 0.24/turn    (no ring)
MPRegen 0.10/turn

%: guardian spirit
@: very quick
A: very small, no large weapons, unfitting armour, see invisible, speed 3
a: no special abilities


You were on level 3 of the Dungeon.
You visited 1 branch of the dungeon, and saw 3 of its levels.

You collected 133 gold pieces.


Innate Abilities, Weirdness & Mutations

You are very small and have problems with some larger weapons.
You are too small for most types of armour.
You have supernaturally acute eyesight. (SInv)
You cover ground extremely quickly. (Speed+++)


   Skills:
 - Level 1.5 Fighting
 - Level 5.9 Ranged Weapons
 + Level 4.2 Dodging
 - Level 1.5 Stealth


You had 4 spell levels left.
You didn't know any spells.
Your spell library was empty.

Inventory:

Hand Weapons
 a - a +2 shortbow (weapon)
Armour
 c - a +0 robe (worn)
 i - a +1 hat (worn)
Jewellery
 b - an amulet of guardian spirit (around neck)
Potions
 g - a potion of heal wounds

Dungeon Overview and Level Annotations

Branches:
Dungeon (3/15)

Altars:
Ashenzari

Annotations:
D:3 3 runed translucent doors, qw's ghost, amateur DEHu; qw's ghost, amateur SpHu


Message History

You shoot an arrow. The orc priest shouts!
The adder hisses angrily.
The arrow hits the orc but does no damage.
You shoot an arrow.
The arrow hits the orc but does no damage.
You shoot an arrow. The arrow hits the orc.
The orc is severely wounded.
The orc hits you with a +2 dagger of freezing.
The orc freezes you.
The orc priest mumbles some strange prayers to Beogh against you.
Beogh smites you!
Ouch! That really hurt!
You shoot an arrow. The arrow barely misses the orc.
You shoot an arrow. The arrow misses the adder.
The arrow barely misses the frilled lizard.
The adder bites you.
You shoot an arrow. The arrow hits the adder.
The adder is moderately wounded.
The adder closely misses you. The orc misses you.
The frilled lizard completely misses you.
The adder completely misses you.
You shoot an arrow. The arrow hits the adder.
The adder is severely wounded.
The adder closely misses you. The orc closely misses you.
The frilled lizard closely misses you.
The orc jeers repeatedly.
You shoot an arrow. The arrow hits the adder.
The adder is severely wounded.
The adder barely misses you. The orc barely misses you.
The frilled lizard completely misses you.
The adder closely misses you.
You shoot an arrow. The arrow hits the adder!
You kill the adder!
The orc closely misses you. The frilled lizard misses you.
You shoot an arrow. The arrow hits the orc!
You kill the orc!
The orc priest calls down the wrath of Beogh upon you.
Beogh smites you!
Ouch! That really hurt!
You die...

..# ..# ...##..
..# #######.....
..# #........(.#
..# #..........#
..# #..........###
..# #.$....o.....
..# #.....o)l.#
..# #######@# ..#
#.......#
..########.#######
#.................
#............#####
#............#
#...####+++###
#...#7.......7
#...#}....W..}#


You could see an orc priest, an orc and a frilled lizard.

Vanquished Creatures
  A black bear (D:3)
  3 adders
  2 orcs (D:3)
  2 endoplasms (D:1)
  2 giant cockroaches (D:3)
  2 goblins
  5 hobgoblins
  A quokka (D:2)
  5 ball pythons
  4 bats
  2 frilled lizards
  6 kobolds
  A rat (D:1)
36 creatures vanquished.

Notes
Turn   | Place    | Note
-------+----------+-------------------------------------------
     0 | D:1      | qw the Spriggan Hunter began the quest for the Orb.
     0 | D:1      | Reached XP level 1. HP: 10/10 MP: 2/2
     0 | D:1      | 0 ||| qw: Version: 0.3-a-157-g843a77d
     0 | D:1      | 0 ||| qw: Game counter: 3788
     0 | D:1      | 0 ||| qw: Melee chars always use a shield: true
     0 | D:1      | 0 ||| qw: God list: Okawaru
     0 | D:1      | 0 ||| qw: Allow faded altars: false
     0 | D:1      | 0 ||| qw: Do Orc after clearing Dungeon:15 true
     0 | D:1      | 0 ||| qw: Do second Lair branch before Depths: true
     0 | D:1      | 0 ||| qw: Lair rune preference: random
     0 | D:1      | 0 ||| qw: Goals: Normal
     0 | D:1      | 0 ||| PLANNING D:1-11
    62 | D:1      | Reached skill level 3 in Dodging
   326 | D:1      | Reached XP level 2. HP: 14/14 MP: 3/3
   844 | D:1      | 844 ||| UPGRADING to +1 hat.
   849 | D:1      | 849 ||| READING 2 scrolls labelled KIRGHAJ OTES.
   849 | D:1      | 849 ||| ENCHANTING +0 shortbow.
   850 | D:1      | 850 ||| READING scroll of enchant weapon.
   850 | D:1      | 850 ||| ENCHANTING +1 shortbow.
   851 | D:1      | 851 ||| READING scroll labelled LACHOB ESTAO.
   952 | D:1      | 952 ||| READING 3 scrolls labelled PYKKER WAESK.
   952 | D:1      | 952 ||| IDENTIFYING grey potion
   953 | D:1      | 953 ||| READING 2 scrolls of identify.
   953 | D:1      | 953 ||| IDENTIFYING scroll labelled PUYSTR BONAT
   954 | D:1      | 954 ||| DROPPING scroll of butterflies.
   955 | D:1      | 955 ||| DROPPING scroll of revelation.
  1160 | D:2      | Reached XP level 3. HP: 18/18 MP: 4/4
  1378 | D:2      | 1378 ||| DROPPING +1 hat.
  1379 | D:2      | 1379 ||| UPGRADING to amulet of guardian spirit.
  1384 | D:2      | 1384 ||| READING scroll of identify.
  1384 | D:2      | 1384 ||| IDENTIFYING murky golden potion
  1474 | D:3      | Found a broken altar of Ashenzari.
  1530 | D:3      | Noticed a black bear
  1531 | D:3      | 1531 ||| DRINKING potion of haste.
  1543 | D:3      | Killed a black bear
  1544 | D:3      | Reached skill level 5 in Ranged Weapons
  1544 | D:3      | Reached XP level 4. HP: 8/22 MP: 2/5
  1544 | D:3      | Reached XP level 5. HP: 9/25 MP: 2/6
  1567 | D:3      | 1567 ||| FLEEEEING.
  1574 | D:3      | 1574 ||| FLEEEEING.
  1575 | D:3      | 1575 ||| FLEEEEING.
  1576 | D:3      | 1576 ||| FLEEEEING.
  1577 | D:3      | 1577 ||| FLEEEEING.
  1578 | D:3      | 1578 ||| FLEEEEING.
  1579 | D:3      | 1579 ||| STAIRDANCE
  1625 | D:2      | 1625 ||| READING scroll of identify.
  1625 | D:2      | 1625 ||| IDENTIFYING sapphire potion
  1626 | D:2      | 1626 ||| DROPPING potion of brilliance.
  1633 | D:3      | Found a runed translucent gate.
  1635 | D:3      | Found a runed translucent gate.
  1636 | D:3      | Found a runed translucent gate.
  1637 | D:3      | Noticed qw's ghost (amateur DEHu)
  1637 | D:3      | Noticed qw's ghost (amateur SpHu)
  1662 | D:3      | Killed from afar by an orc priest

Levels and vault maps discovered:
D:1:      elethiomel_arrival_infinity_welcomes_careful_drivers,
          layout_loops_corners, dk_noncrumbling_3, minmay_misc_feat_cross,
          hex_tiny, skrybe_limestone_x
D:2:      layout_basic
D:3:      layout_basic, mainiacjoe_overflow_catwalk,
          nicolae_sif_muna_little_library, gammafunk_ghost_cemetery

Skill      XL: |  1  2  3 |
---------------+----------+-----
Dodging        | 3 4 |  4.2
Ranged Weapons | 5 |  5.9
Fighting       | |  1.5
Stealth        | |  1.5

Action                     |  1- 3 |  4- 6 || total
---------------------------+-------+-------++-------
   Fire: Shortbow          |    78 |    18 ||    96
    Use: Scroll            |     6 |     1 ||     7
         Potion            |     1 |       ||     1
 Armour: Robe              |     5 |     3 ||     8
  Dodge: Dodged            |    16 |    19 ||    35

Table legend:
 A = Non-vault XP
 B = Vault XP
 C = Vault XP percentage of total XP
 D = Non-vault monster count
 E = Vault monster count
 F = Vault count percentage of total count
                 A         B        C        D         E       F
            +---------+---------+-------+---------+---------+-------
      Total |     220 |       0 |   0.0 |      36 |       0 |   0.0
            +---------+---------+-------+---------+---------+-------
        D:1 |      28 |       0 |   0.0 |      19 |       0 |   0.0
        D:2 |      25 |       0 |   0.0 |       8 |       0 |   0.0
        D:3 |     167 |       0 |   0.0 |       9 |       0 |   0.0
            +---------+---------+-------+---------+---------+-------
